 Dungeon Sprint DCSS version 0.19.4-8-ga85b6b9 (webtiles) character file.

990 TryAgain the Reanimator (level 11, -6/68 HPs)
             Began as a Human Necromancer on Feb 10, 2017.
             Was an Initiate of Gozag.
             Mangled by a sun demon (14 damage)
             ... in the Dungeon (Sprint VI: "Thunderdome").
             The game lasted 00:20:51 (1016 turns).

TryAgain the Reanimator (Human Necromancer)         Turns: 1016, Time: 00:20:52

Health: -6/68      AC:  2    Str: 11    XL:     11   Next: 45%
Magic:  13/43      EV: 19    Int: 26    God:    Gozag
Gold:   335        SH:  6    Dex: 13    Spells: 6 memorised, 14 levels left

rFire  x . .     SeeInvis .     s - +0 demon blade
rCold  . . .     Gourm    .     r - +0 robe of Midsummer {rN+ MP+9 Str-3 Int+5} (curse)
rNeg   + + .     Faith    .     w - +1 buckler of Unor Aro {rN+ MR++ rCorr Str-4}
rPois  .         Spirit   .     (no helmet)
rElec  +         Reflect  .     (no cloak)
rCorr  +         Harm     .     (no gloves)
MR     ++...     NoTele   +     (no boots)
Stlth  ++........               p - amulet of Truth {+Rage Str+2}
                                o - ring of Keapesue {+Fly rF- MP+9 Int+5}
                                n - ring "Myodgh" {rElec Str+6 Int-2} (curse)

@: gold aura, very slightly contaminated
A: no striking features
a: Potion Petition, Call Merchant, Bribe Branch, Renounce Religion, Evoke
Berserk Rage, Evoke Flight
}: 1/15 runes: decaying


You were in the Dungeon.
You worshipped Gozag.
Gozag was aware of your devotion.
You were very hungry.

You visited 1 branch You collected 3076 gold pieces.
You spent 2741 gold pieces at shops.

Inventory:

Hand Weapons
 s - a +0 demon blade (weapon)
Armour
 a - a +0 robe
 r - the cursed +0 robe of Midsummer (worn) {rN+ MP+9 Str-3 Int+5}
   (You bought it in a shop in the Dungeon)

   It affects your strength (-3).
   It affects your intelligence (+5).
   It protects you from negative energy.
   It affects your magic capacity (+9).
   It has a curse placed upon it.
 w - the +1 buckler of Unor Aro (worn) {rN+ MR++ rCorr Str-4}
   (You bought it in a shop in the Dungeon)

   It affects your strength (-4).
   It protects you from negative energy.
   It affects your resistance to hostile enchantments.
   It protects you from acid and corrosion.
Jewellery
 n - the cursed ring "Myodgh" (left hand) {rElec Str+6 Int-2}
   (You bought it in a shop in the Dungeon)

   [ring of intelligence]

   It affects your strength (+6).
   It affects your intelligence (-2).
   It insulates you from electricity.
   It has a curse placed upon it.
 o - the ring of Keapesue (right hand) {+Fly rF- MP+9 Int+5}
   (You bought it in a shop in the Dungeon)

   [ring of magical power]

   It affects your intelligence (+5).
   It makes you vulnerable to fire.
   It affects your magic capacity (+9).
   It lets you fly.
 p - the amulet of Truth (around neck) {+Rage Str+2}
   (You bought it in a shop in the Dungeon)

   [amulet of rage]

   It affects your strength (+2).
   It lets you go berserk.
Wands
 j - a wand of acid (7/15)
 k - a wand of iceblast (1/15)
Scrolls
 l - 3 scrolls of fog
 v - 2 scrolls of recharging
Potions
 d - a potion of curing
 e - 3 potions of heal wounds
 f - 3 potions of haste
 g - a potion of magic
 h - a potion of berserk rage
 m - a potion of resistance
 q - a potion of experience
Books
 b - a book of Necromancy

   Spells                             Type                      Level
   a - Pain                           Necromancy                   1
   b - Animate Skeleton               Necromancy                   1
   c - Vampiric Draining              Necromancy                   3
   d - Regeneration                   Charms/Necromancy            3
   e - Animate Dead                   Necromancy                   4
   f - Control Undead                 Necromancy                   4
 t - a book of the Earth

   Spells                             Type                      Level
   a - Leda's Liquefaction            Hexes/Earth                  4
   b - Bolt of Magma                  Conjuration/Fire/Earth       5
   c - Statue Form                    Transmutation/Earth          6
   d - Iron Shot                      Conjuration/Earth            6
   e - Shatter                        Earth                        9
Miscellaneous
 u - a phial of floods (inert)
Comestibles
 c - a bread ration


   Skills:
 - Level 9.0 Armour
 + Level 11.3 Dodging
 - Level 2.0 Stealth
 - Level 4.2 Shields
 + Level 10.5 Spellcasting
 + Level 7.9 Conjurations
 + Level 11.8 Necromancy
 - Level 7.0 Fire Magic
 + Level 7.9 Earth Magic
 + Level 8.4 Evocations


You had 14 spell levels left.
You knew the following spells:

 Your Spells              Type           Power        Failure   Level  Hunger
a - Pain                  Necr           ####         1%          1    None
b - Animate Skeleton      Necr           N/A          1%          1    None
c - Vampiric Draining     Necr           ######....   1%          3    None
d - Animate Dead          Necr           N/A          1%          4    None
e - Regeneration          Chrm/Necr      #####.....   1%          3    None
f - Bolt of Magma         Conj/Fire/Erth ######....   8%          5    ####...


Dungeon Overview and Level Annotations

Branches:
Dungeon (1/1)

Altars:
Cheibriados
Dithmenos
Fedhas
Gozag
Kikubaaqudgha
Makhleb
Okawaru
Qazlal
Ru
Sif Muna
Trog
Uskayaw
Vehumet
Xom
Yredelemnul
Zin
The Shining One
Beogh
Jiyva
Lugonu

Shops:
D *[%??*?*:[((!!!!


Message History

Press: ? - help, Shift-Dir - straight line, f - sun demon
Aim: a sun demon (moderately wounded, engulfed in water)
You can't drain life from that!
Casting: Vampiric Draining
Confirm with . or Enter, or press ? or * to list all spells.
Okay, then.
Casting: Vampiric Draining
Confirm with . or Enter, or press ? or * to list all spells.
Okay, then.
You barely miss the sun demon.
The sun demon is moderately wounded.
The red devil is no longer distracted by gold.
The sun demon hits you!
You are engulfed in flames!!
The fire burns you terribly!
* * * LOW HITPOINT WARNING * * *
Your water elemental barely misses the sun demon.
Your water elemental hits the sun demon!
The sun demon hits you!
You die...
Your body crumbles into a pile of gold.

##### ##⌠⌠⌠## #.....# ##.....##
##∩.....∩## #∩.......∩#
#_≈≈....._# #_≈4.3@.._#
#_≈.EE..._# ###≈≈...$...###
#⌠≈≈≈........⌠#
######.8.........8.######
##∩.._......###......_._∩##
###∩........8.# #.8........∩###
#.............###.............##
⌠..........###...###.5........⌠#


You could see a sun demon, a red devil and 2 friendly water elementals.

Vanquished Creatures
  the Lernaean hydra (D)
  A sun demon (D)
  An orc knight (D)
  An orange demon (D)
  2 ynoxinuls (D)
  2 orc warriors (D)
  6 dwarves (D)
  An ogre (D)
  6 vampire bats (D)
  An iron imp (D)
  3 jellies (D)
  2 orc priests (D)
  3 shadow imps (D)
  An ufetubus (D)
  3 oozes (D)
34 creatures vanquished.

Vanquished Creatures (collateral kills)
  A rust devil (D)
  2 dwarves (D)
3 creatures vanquished.

Grand Total: 37 creatures vanquished

Notes
Turn   | Place    | Note
-------+----------+-------------------------------------------
     0 | D        | TryAgain the Human Necromancer began the quest for the Orb.
     0 | D        | Reached XP level 1. HP: 13/13 MP: 3/3
     1 | D        | Found an ancient bone altar of Kikubaaqudgha.
     1 | D        | Found a roughly hewn altar of Beogh.
     2 | D        | Found a radiant altar of Vehumet.
     3 | D        | Found a bloodstained altar of Trog.
     4 | D        | Found Izyq's Bee Food.
     4 | D        | Found a glowing golden altar of the Shining One.
     4 | D        | Found a basalt altar of Yredelemnul.
     4 | D        | Found Casolete's Identification Station.
     5 | D        | Found Buirempaenn's Jewellery.
     5 | D        | Found Lobonera's Advanced Armour.
     5 | D        | Round 1.
    13 | D        | Bought a bound granite ring for 45 gold pieces
    13 | D        | Bought a smoking turquoise ring for 45 gold pieces
    13 | D        | Bought an ancient copper amulet for 45 gold pieces
    13 | D        | Identified the amulet of Truth {+Rage Str+2} (You bought it in a shop in the Dungeon)
    14 | D        | Identified the cursed ring "Myodgh" {rElec Str+6 Int-2} (You bought it in a shop in the Dungeon)
    15 | D        | Identified the ring of Keapesue {+Fly rF- MP+9 Int+5} (You bought it in a shop in the Dungeon)
    19 | D        | Found a hide-covered altar of Uskayaw.
    21 | D        | Found an opulent altar of Gozag.
    22 | D        | Reached skill level 1 in Armour
    22 | D        | Reached XP level 2. HP: 19/19 MP: 3/5
    23 | D        | Found Fompopn's Premium Goods.
    24 | D        | Found Ypepedu's Miscellaneous Merchandise.
    24 | D        | Found Diedulea's Basic Armour.
    25 | D        | Found a snail-covered altar of Cheibriados.
    25 | D        | Found a glowing silver altar of Zin.
    25 | D        | Found a sacrificial altar of Ru.
    25 | D        | Found Enuet's Weapon Rack.
    32 | D        | Became a worshipper of Gozag Ym Sagoz the Greedy
    37 | D        | Found a viscous altar of Jiyva.
    38 | D        | Found a corrupted altar of Lugonu.
    39 | D        | Found a blossoming altar of Fedhas.
    40 | D        | Found Kaef's Do-It-Yourself Clinic.
    40 | D        | Found an iron altar of Okawaru.
    40 | D        | Found a shimmering altar of Xom.
    40 | D        | Found Nonunt's Distillery.
    41 | D        | Found Toenimim's Bottled Wisdom.
    41 | D        | Found Kuquurgha's Distillery.
    44 | D        | Found a burning altar of Makhleb.
    48 | D        | Found a deep blue altar of Sif Muna.
    49 | D        | Found a stormy altar of Qazlal.
    49 | D        | Found Nur Xoep's Staff Store.
    50 | D        | Found Ricuklua's Must-Have Magic.
    50 | D        | Found Coacuel's Magic Scroll Shop.
    51 | D        | Found a shadowy altar of Dithmenos.
    51 | D        | Found Sujef's Magic Scroll Shop.
    69 | D        | Reached XP level 3. HP: 21/24 MP: 7/7
    87 | D        | Reached skill level 5 in Necromancy
    87 | D        | Reached XP level 4. HP: 28/30 MP: 9/9
    91 | D        | Arena points: 12 (+12) [x2]
   158 | D        | Round 2.
   247 | D        | Reached XP level 5. HP: 18/35 MP: 11/11
   266 | D        | Reached skill level 5 in Dodging
   309 | D        | Arena points: 54 (+42) [x3]
   309 | D        | Reached skill level 5 in Armour
   309 | D        | Reached skill level 5 in Spellcasting
   321 | D        | Bought a potion of experience for 300 gold pieces
   321 | D        | Reached XP level 6. HP: 18/41 MP: 15/15
   330 | D        | Round 3.
   358 | D        | Reached XP level 7. HP: 25/46 MP: 17/17
   390 | D        | Bought 3 scrolls of recharging for 285 gold pieces
   409 | D        | Reached skill level 1 in Evocations
   412 | D        | Arena points: 138 (+84) [x4]
   440 | D        | Bought an opalescent robe for 199 gold pieces
   450 | D        | Identified the cursed +0 robe of Midsummer {rN+ MP+9 Str-3 Int+5} (You bought it in a shop in the Dungeon)
   452 | D        | Learned a level 1 spell: Animate Skeleton
   456 | D        | Learned a level 3 spell: Vampiric Draining
   461 | D        | Learned a level 4 spell: Animate Dead
   463 | D        | Round 4.
   465 | D        | Learned a level 3 spell: Regeneration
   487 | D        | Reached XP level 8. HP: 41/52 MP: 1/19
   513 | D        | Noticed an orc knight
   532 | D        | Killed an orc knight
   540 | D        | Arena points: 278 (+140) [x5]
   553 | D        | Bought a book of the Earth for 455 gold pieces
   555 | D        | Round 5.
   570 | D        | Bought a potion of experience for 300 gold pieces
   576 | D        | Learned a level 5 spell: Bolt of Magma
   576 | D        | Reached XP level 9. HP: 57/57 MP: 21/21
   586 | D        | Noticed the 27-headed Lernaean hydra
   598 | D        | Killed the 27-headed Lernaean hydra
   598 | D        | Arena points: 558 (+280) [x7]
   598 | D        | Reached skill level 10 in Dodging
   598 | D        | Reached skill level 10 in Spellcasting
   598 | D        | Reached XP level 10. HP: 63/63 MP: 24/24
   598 | D        | Reached XP level 11. HP: 68/68 MP: 25/25
   599 | D        | Got a decaying rune of Zot
   627 | D        | Bought 3 scrolls of recharging for 285 gold pieces
   793 | D        | Round 6.
   942 | D        | Arena points: 990 (+432) [x8]
   954 | D        | Bought a twisted buckler for 332 gold pieces
   960 | D        | Identified the +1 buckler of Unor Aro {rN+ MR++ rCorr Str-4} (You bought it in a shop in the Dungeon)
   976 | D        | Bought a +0 demon blade for 450 gold pieces
   982 | D        | Round 7.
   984 | D        | Noticed a sun demon
   984 | D        | Noticed a sun demon
   998 | D        | Killed a sun demon
  1001 | D        | Noticed a sun demon
  1016 | D        | Mangled by a sun demon

Skill      XL: |  1  2  3  4  5  6  7  8  9 10 11 |
---------------+----------------------------------+-----
Armour         | 1 2 3 4 6 7 8 9 |  9.0
Dodging        | 3 4 7 8 9 10 11 | 11.3
Spellcasting   | 3 4 6 7 8 10 | 10.5
Necromancy     | 5 6 8 9 11 | 11.8
Shields        | 4 |  4.2
Evocations     | 2 4 7 8 |  8.4
Conjurations   | 3 6 7 |  7.9
Fire Magic     | 3 7 |  7.0
Earth Magic    | 3 7 |  7.9
Stealth        | |  2.0

Action                   |  1- 3 |  4- 6 |  7- 9 | 10-12 || total
-------------------------+-------+-------+-------+-------++-------
Melee: Demon blade       |       |       |       |     1 ||     1
 Cast: Pain              |       |    22 |    11 |    23 ||    56
       Vampiric Draining |       |       |    10 |       ||    10
       Animate Dead      |       |       |     3 |     1 ||     4
       Bolt of Magma     |       |       |       |     5 ||     5
Evoke: Wand              |     3 |     3 |    18 |     6 ||    30
       Phial of floods   |       |       |       |     2 ||     2
  Use: Potion            |       |     1 |     4 |       ||     5
       Scroll            |       |       |     6 |     2 ||     8
Dodge: Dodged            |     2 |     3 |     7 |    19 ||    31
Block: Buckler           |       |       |       |     5 ||     5
       Rpst.: Demon blade |       |       |       |     2 ||     2
